 Dungeon Crawl Stone Soup version 0.20-a0-751-g905781e (webtiles) character file.

3944 Laan the Destroyer (level 10, -5/63 HPs)
             Began as a Mummy Fire Elementalist on Feb 25, 2017.
             Was a Follower of Vehumet.
             Slain by Joseph
             ... wielding a +0 quarterstaff
              (7 damage)
             ... on level 8 of the Dungeon.
             The game lasted 00:18:08 (8994 turns).

Laan the Destroyer (Mummy Fire Elementalist)        Turns: 8994, Time: 00:18:09

Health: -5/63      AC:  5    Str: 11    XL:     10   Next: 1%
Magic:  0/22       EV: 12    Int: 21    God:    Vehumet [*.....]
Gold:   334        SH:  0    Dex: 14    Spells: 12/26 levels left

rFire    x . .     SeeInvis .   s - +5 whip
rCold    + . .     Gourm    .   a - +1 robe
rNeg     + + +     Faith    .   (no shield)
rPois    ∞         Spirit   .   c - +1 hat "Adwonuxt" {rElec Int+4}
rElec    +         Reflect  .   q - +0 cloak
rCorr    .         Harm     .   (no gloves)
MR       +....     Rnd*Tele +   (no boots)
Stlth    ++........             (no amulet)
Regen    0.2/turn               t - ring of wizardry
MPRegen  0.2/turn               j - ring of teleportation (curse)

@: no status effects
A: no food or potions, fire vulnerability, cold resistance 1, negative energy
resistance 3, torment resistance, unbreathing
a: Renounce Religion


You were on level 8 of the Dungeon.
You worshipped Vehumet.
Vehumet was aware of your devotion.
You were not hungry.

You visited 2 branches of the dungeon, and saw 9 of its levels.

You collected 347 gold pieces.
You spent 13 gold pieces at shops.

Inventory:

Hand Weapons
 s - a +5 whip (weapon)
Armour
 a - a +1 robe (worn)
 c - the +1 hat "Adwonuxt" (worn) {rElec Int+4}
   (You found it on level 6 of the Dungeon)

   It affects your intelligence (+4).
   It insulates you from electricity.
 q - a +0 cloak (worn)
Jewellery
 d - an uncursed ring of resist corrosion
 j - a cursed ring of teleportation (left hand)
 k - an uncursed ring of protection from magic
 m - an uncursed ring of ice {unknown}
 n - an uncursed amulet of guardian spirit
 t - a ring of wizardry (right hand)
Wands
 l - a wand of enslavement (12/24)
 o - a wand of paralysis (3/24)
 p - a wand of flame (40/48)
Scrolls
 f - a scroll of enchant weapon
 g - a scroll of teleportation
 h - 5 scrolls of identify
 i - a scroll of enchant armour
Books
 b - a book of Flames

   Spells                             Type                      Level
   a - Flame Tongue                   Conjuration/Fire             1
   b - Throw Flame                    Conjuration/Fire             2
   c - Conjure Flame                  Conjuration/Fire             3
   d - Inner Flame                    Hexes/Fire                   3
   e - Sticky Flame                   Conjuration/Fire             4
   f - Fireball                       Conjuration/Fire             5


   Skills:
 - Level 1.5 Dodging
 - Level 1.5 Stealth
 + Level 8.5 Spellcasting
 * Level 8.7 Conjurations
 + Level 6.7 Fire Magic


You had 12 spell levels left.
You knew the following spells:

 Your Spells              Type           Power        Failure   Level  Hunger
a - Flame Tongue          Conj/Fire      #####        1%          1    N/A
b - Conjure Flame         Conj/Fire      #####...     1%          3    N/A
c - Sticky Flame          Conj/Fire      #####...     1%          4    N/A
d - Fireball              Conj/Fire      #####.....   4%          5    N/A
e - Magic Dart            Conj           ####         1%          1    N/A

Dungeon Overview and Level Annotations

Branches:
Dungeon (8/15)             Temple (1/1) D:6
   Lair: D:8-11

Altars:
Ashenzari
Cheibriados
Dithmenos
Elyvilon
Fedhas
Gozag
Hepliaklqana
Kikubaaqudgha
Makhleb
Nemelex Xobeh
Okawaru
Qazlal
Ru
Sif Muna
Trog
Uskayaw
Vehumet
Wu Jian
Xom
Yredelemnul
Zin
The Shining One

Shops:
D:6 [!?**

Annotations:
D:8 Joseph


Innate Abilities, Weirdness & Mutations

You do not eat or drink.
Your flesh is vulnerable to fire.
You are immune to poison.
Your flesh is cold resistant. (rC+)
You are immune to negative energy. (rN+++)
You are immune to unholy pain and torment.
You can survive without breathing.


Message History

Casting: Flame Tongue
Confirm with . or Enter, or press ? or * to list all spells.
Aiming: Flame Tongue
Press: ? - help, Shift-Dir - straight line, f/p - Joseph
Aim: Joseph, wielding a quarterstaff and wearing a ring mail (moderately wounded, covered in liquid flames)
The flame tongue hits Joseph.
Joseph is moderately wounded.
Joseph burns!
Joseph hits you with an uncursed quarterstaff!
* * * LOW HITPOINT WARNING * * *
Casting: Flame Tongue
Confirm with . or Enter, or press ? or * to list all spells.
Aiming: Sticky Flame
Press: ? - help, Shift-Dir - straight line, f/p - Joseph
Aim: Joseph, wielding a quarterstaff and wearing a ring mail (moderately wounded, covered in liquid flames)
The sticky flame hits Joseph.
Joseph appears unharmed.
Joseph is moderately wounded.
Joseph is covered in liquid flames!
Joseph burns!
Joseph hits you with an uncursed quarterstaff!
You die...

##### ##...##
##.....## # #.......#
.###......<#
..........# ######.
##.#.....#####.......
#........(@@(.#
#.........#####
#..!......#
#.#.....#.#####.
#.##............#
#.#†..)..........
######.#...##..S######
......)....##.#.######
.......##.###.#.......


You could see Joseph (burning).

Vanquished Creatures
  3 centaur zombies (D:7)
  A hungry ghost (D:4)
  Menkaure (D:7)
  A water moccasin (D:7)
  2 sky beasts (D:7)
  2 ice beasts
  A necrophage (D:7)
  2 ogres
  A centaur (D:5)
  2 bullfrogs (D:8)
  2 howler monkeys
  A crimson imp (D:5)
  2 quasits
  A bullfrog zombie (D:6)
  4 centaur skeletons
  2 hounds (D:4)
  5 orc priests
  A gnoll shaman (D:5)
  2 iguanas
  2 orc wizards (D:7)
  3 worker ants
  A hound skeleton (D:8)
  4 gnolls (D:5)
  A worker ant zombie (D:7)
  14 adders
  4 shadow imps (D:7)
  An ooze (D:1)
  An adder skeleton (D:4)
  3 worms (D:2)
  A dart slug (D:2)
  10 leopard geckos
  11 orcs
  8 giant cockroaches
  9 goblins
  6 hobgoblins
  19 jackals
  2 quokkas
  3 ball pythons
  A ball python skeleton (D:4)
  5 bats
  4 frilled lizards
  12 kobolds
  2 quokka skeletons (D:4)
  4 rats
167 creatures vanquished.

Vanquished Creatures (others)
  A wizard (D:3)
  5 toadstools (D:1)
  2 withered plants (D:7)
8 creatures vanquished.

Grand Total: 175 creatures vanquished

Notes
Turn   | Place    | Note
-------+----------+-------------------------------------------
     0 | D:1      | Laan the Mummy Fire Elementalist began the quest for the Orb.
     0 | D:1      | Reached XP level 1. HP: 13/13 MP: 4/4
    40 | D:1      | Reached skill level 1 in Conjurations
   263 | D:1      | Reached XP level 2. HP: 18/19 MP: 1/5
  1153 | D:2      | Reached XP level 3. HP: 24/24 MP: 2/7
  1797 | D:2      | Reached XP level 4. HP: 30/30 MP: 3/8
  2496 | D:3      | Learned a level 3 spell: Conjure Flame
  2876 | D:3      | Found a faded altar of an unknown god.
  3051 | D:3      | Reached XP level 5. HP: 35/35 MP: 6/9
  3385 | D:3      | Found a bloodstained altar of Trog.
  3388 | D:3      | Noticed a wizard
  3394 | D:3      | Killed a wizard
  3736 | D:4      | Learned a level 4 spell: Sticky Flame
  4090 | D:4      | Reached XP level 6. HP: 27/41 MP: 0/10
  4568 | D:4      | Noticed a hungry ghost
  4578 | D:4      | Killed a hungry ghost
  4809 | D:5      | Entered Level 5 of the Dungeon
  4868 | D:5      | Reached XP level 7. HP: 23/46 MP: 0/13
  5075 | D:5      | Found a shadowy altar of Dithmenos.
  5484 | D:5      | Found a blossoming altar of Fedhas.
  5842 | D:5      | Reached skill level 5 in Conjurations
  5847 | D:5      | Reached skill level 5 in Spellcasting
  5950 | D:5      | Learned a level 5 spell: Fireball
  6132 | D:6      | Found Xoleol's Distillery.
  6136 | D:6      | Found Pohubbaomy's General Store.
  6153 | D:6      | Found Weda's General Store.
  6174 | D:6      | Got a faintly glowing hat
  6180 | D:6      | Identified the +1 hat "Adwonuxt" {rElec Int+4} (You found it on level 6 of the Dungeon)
  6323 | D:6      | Found a blossoming altar of Fedhas.
  6364 | D:6      | Reached XP level 8. HP: 52/52 MP: 10/16
  6651 | D:6      | Found a shattered altar of Ashenzari.
  6690 | D:6      | Found Cazunime's Magic Scroll Shop.
  6693 | D:6      | Bought a scroll of noise for 13 gold pieces
  6705 | D:6      | Found a staircase to the Ecumenical Temple.
  6725 | Temple   | Entered the Ecumenical Temple
  6791 | Temple   | Became a worshipper of Vehumet
  6866 | D:6      | Found Qekozec's Armour Emporium.
  7093 | D:7      | Reached skill level 5 in Fire Magic
  7399 | D:7      | Noticed Menkaure
  7403 | D:7      | Killed Menkaure
  7670 | D:7      | Reached XP level 9. HP: 34/57 MP: 11/19
  7969 | D:7      | Noticed a hellwing
  8431 | D:7      | Reached * piety under Vehumet
  8431 | D:7      | Offered knowledge of Magic Dart by Vehumet.
  8434 | D:7      | Learned a level 1 spell: Magic Dart
  8460 | D:7      | Noticed a hellwing
  8954 | D:8      | Reached XP level 10. HP: 56/63 MP: 15/22
  8961 | D:8      | Noticed Joseph
  8993 | D:8      | HP: 2/63 [Joseph/uncursed quarterstaff (12)]
  8994 | D:8      | Slain by Joseph

Vault maps used:
D:1:      ldierk_walled_garden, minmay_circled_x
D:2:      minmay_door_square, grunt_decor_mini_mirrors, grunt_decor_cap,
          minmay_misc_feat_more_columns, minmay_pentomino_u2
D:3:      chequers_ecumenical_altar_simple, corexii_shack, trog_wizard
D:4:      minmay_mini_jars
D:5:      basic_altar, first_bread, eino_tiny_chamber,
          fedhas_bush_and_centaur_altar
D:6:      cheibrodos_helix_gallery, lemuel_crystal_altar,
          minmay_temple_entry_statues_fountains, basic_altar, serial_shops,
          nicolae_shop_window_shopping, kennysheep_little_box,
          kennysheep_mini_moat, shop, shop, kennysheep_decorative_pillar
D:7:      cheibrodos_grave_circle, uniq_menkaure
D:8:      minmay_lair_entry_lava, uniq_joseph, uniq_grum
Temple:   compressed_dpeg_circular_temple

Skill      XL: |  1  2  3  4  5  6  7  8  9 |
---------------+----------------------------+-----
Conjurations   | 1 2 3 4 5 7 8 |  8.7
Fire Magic     | 3 4 5 6 |  6.7
Spellcasting   | 3 4 5 6 8 |  8.5
Dodging        | |  1.5
Stealth        | |  1.5

Action                   |  1- 3 |  4- 6 |  7- 9 | 10-12 || total
-------------------------+-------+-------+-------+-------++-------
Melee: Unarmed           |    10 |    11 |       |       ||    21
       Mace              |       |     2 |    14 |       ||    16
       Whip              |       |       |    32 |       ||    32
 Cast: Flame Tongue      |    72 |   145 |   140 |    14 ||   371
       Sticky Flame      |       |       |    26 |     3 ||    29
       Conjure Flame     |       |       |     4 |       ||     4
Evoke: Wand              |       |       |     5 |     1 ||     6
  Use: Scroll            |       |       |    16 |       ||    16
 Stab: Paralysed         |       |       |     8 |       ||     8
Armor: Robe              |    10 |    11 |    31 |     6 ||    58
Dodge: Dodged            |    30 |    54 |    79 |    11 ||   174
